[Event "*** MasterClass Titled Tuesday Blitz"]
[Site "Chess.com"]
[Date "2017.07.04"]
[Round "1"]
[White "SergeiAza"]
[Black "Th3ChessViking"]
[Result "1-0"]
[WhiteElo "2704"]
[BlackElo "2329"]
[TimeControl "180+2"]
[EndTime "13:10:40 PDT"]
[Termination "SergeiAza won by resignation"]

1. e4 e6 2. d4 d5 3. Nd2 Nf6 4. e5 Nfd7 5. Bd3 c6 6. c3 b6 7. Ne2 Ba6 8. Bxa6 Nxa6 9. Nf3 f5 10. exf6 Nxf6 11. Nf4 Nc7 12. O-O Bd6 13. Ng5 Qd7 14. Re1 O-O 15. Nd3 Rae8 16. Nf3 c5 17. Nfe5 Qb5 18.
a4 Qa6 19. f3 c4 20. Nf2 b5 21. Bd2 Bxe5 22. Rxe5 Nd7 23. Re1 Qc6 24. Ng4 Rb8 25. axb5 Rxb5 26. Bc1 a6 27. Qe2 Qb6 28. Qf2 Rf5 29. Qg3 Kh8 30. Kh1 Rf7 31. h4 Ne8 32.
h5 Nef6 33. h6 Nxg4 34. Qxg4 Nf8 35. Bf4 g6 36. Be5+ Kg8 37. Bg7 Rxg7 38. hxg7 Kxg7 39. Qg5 Qb7 40. Qe5+ Kf7 41. Qd6 Rb6 42. Qf4+ Kg7 43. Re2 Rxb2 44. Rxb2 Qxb2 45. Rxa6 Qb7 46. Ra5 Nd7 47.
Qd6 Kf7 48. Ra1 Nf6 49. Re1 Qe7 50. Qxe7+ Kxe7 51. Ra1 h5 52. g3 Ne8 53. Ra7+ Kf6 54. Rd7 Ng7 55. g4 h4 56. g5+ Kxg5 57.
Rxg7 Kf4 58. Rxg6 Ke3 59. Rxe6+ Kd3 60. Re5 Kxc3 61. Rxd5 Kd3 62. Rd8 c3 63. d5 Kd4 64.
d6 Kd5 65. Kh2 c2 66. Rc8 Kxd6 67. Rxc2 Ke5 1-0

[Event "*** MasterClass Titled Tuesday Blitz"]
[Site "Chess.com"]
[Date "2017.07.04"]
[Round "1"]
[White "Hrant_ChessMood"]
[Black "NMJeevanK"]
[Result "1-0"]
[WhiteElo "2758"]
[BlackElo "2339"]
[TimeControl "180+2"]
[EndTime "13:10:48 PDT"]
[Termination "Hrant_ChessMood won by resignation"]

1. Nf3 Nf6 2. g3 d5 3. Bg2 c5 4.
O-O e6 5. c4 Nc6 6. cxd5 exd5 7. d4 c4 8. Nc3 Be7 9. Ne5 O-O 10.
b3 cxb3 11. Nxc6 bxc6 12. axb3 Bb4 13. Bd2 Re8 14. Re1 a5 15. Na4 Bg4 16. Bxb4 axb4 17. Qd2 Qd6 18. h3 Bh5 19. e3 Bg6 20. Nc5 Nd7 21. Nxd7 Qxd7 22. Qxb4 Rab8 23. Qc3 Bf5 24. Kh2 Rb6 25. Rec1 Qb7 26. Ra3 h5 27. h4 Rb8 28.
Bh3 Be4 29. Bg2 Bf5 30. Bf3 g6 31. Kg2 Qd7 32. b4 Bh3+ 33. Kg1 Qf5 34. Bg2 Bxg2 35. Kxg2 Rxb4 36. Ra2 Rc4 37. Rb2 Qe4+ 38. Kg1 Ra8 39. Qd2 Raa4 40. Kh2 Qf3 41. Rbc2 Qf5 42. Qe2 Rxc2 43.
Qxc2 Qf3 44. Kg1 Rc4 45. Qd2 Rxc1+ 46. Qxc1 Qf6 47. Qc2 Qe6 48. Kg2 Kf8 49. Qc5+ Ke8 50. Qc3 Kd7 51. f3 Qd6 52. Qb2 Qe6 53. Qb7+ Kd8 54.
Qb8+ Kd7 55. Qf4 Kd8 56. g4 hxg4 57. fxg4 Ke8 58. Kg3 Kf8 59. h5 gxh5 60. gxh5 f5 61. Kh4 Kg7 62. Qe5+ Qxe5 63. dxe5 c5 64. e6 c4 65. h6+ Kf6 66. h7 Kxe6 67. h8=Q Kd6 68. Qd4 1-0

[Event "*** MasterClass Titled Tuesday Blitz"]
[Site "Chess.com"]
[Date "2017.07.04"]
[Round "1"]
[White "Me_ch_an"]
[Black "petrpalachev"]
[Result "1/2-1/2"]
[WhiteElo "2270"]
[BlackElo "2521"]
[TimeControl "180+2"]
[EndTime "13:10:53 PDT"]
[Termination "Game drawn by stalemate"]

1. e4 c5 2. Nc3 Nc6 3. g3 g6 4.
Bg2 Bg7 5. d3 d6 6. Be3 e6 7.
Qd2 Qa5 8. Nge2 Nd4 9. Bxd4 cxd4 10. Nd1 Qxd2+ 11. Kxd2 Ne7 12. f4 e5 13. Rf1 Be6 14. c3 dxc3+ 15. Nexc3 O-O-O 16. Ne3 exf4 17. gxf4 f5 18.
Rac1 Kb8 19. Kc2 Nc6 20. Ncd5 Nd4+ 21. Kb1 Rc8 22. Nc4 Bxd5 23. exd5 Rcd8 24. Rce1 Bf6 25. Nd2 Rhe8 26. Nf3 Ne2 27. Nd2 Nxf4 28. Rxe8 Rxe8 29.
Rxf4 Re2 30. Ne4 Rxb2+ 31. Kc1 fxe4 32. Rxf6 Rxg2 33. dxe4 Kc7 34. Rf7+ Kb6 35. Rxh7 Rxa2 36. Rg7 Rxh2 37. Rxg6 Kc5 38. Rg7 b5 39. Rxa7 Re2 40.
Rc7+ Kd4 41. Rb7 Kc4 42. Rc7+ Kd4 43. Rb7 Rxe4 44. Rxb5 Re5 45. Kd2 Kc4 46. Ra5 Kd4 47. Ra4+ Kxd5 48. Ra5+ Kd4 49. Ra4+ Kd5 50. Ra5+ Ke4 51.
Rxe5+ Kxe5 52. Ke3 Kf6 53. Kf4 Ke7 54. Ke3 Ke6 55.
Ke4 Ke7 56. Kd5 Kd7 57. Kd4 Kc6 58. Kc4 Kb6 59. Kd5 Kc7 60. Kd4 Kd7 61. Kd5 Ke7 62.
Kd4 Ke6 63. Ke4 d5+ 64. Kd4 Kd6 65. Kd3 Kc5 66. Kc3 d4+ 67. Kd3 Kd5 68. Kd2 Ke5 69.
Kd3 Kd5 70. Kd2 Ke4 71. Ke2 d3+ 72. Kd2 Kd4 73. Kd1 Kc3 74. Kc1 Kc4 75. Kd2 Kd4 76. Kd1 Ke3 77. Ke1 Ke4 78. Kd2 Kd4 79. Kd1 Kc3 80. Kc1 d2+ 81. Kd1 Kd3 1/2-1/2

[Event "*** MasterClass Titled Tuesday Blitz"]
[Site "Chess.com"]
[Date "2017.07.04"]
[Round "1"]
[White "BigBoss2702"]
[Black "Msb2"]
[Result "0-1"]
[WhiteElo "2259"]
[BlackElo "2527"]
[TimeControl "180+2"]
[EndTime "13:10:54 PDT"]
[Termination "Msb2 won by resignation"]

1. d4 Nf6 2. c4 e6 3. Nf3 d5 4.
Nc3 Bb4 5. Bg5 h6 6. Bxf6 Qxf6 7. e3 O-O 8. Be2 dxc4 9. Bxc4 c5 10. O-O cxd4 11. Nxd4 Bd7 12. Rc1 Nc6 13. Ne4 Qe7 14. a3 Ba5 15. b4 Bb6 16. Nb5 Rfd8 17. Qe2 a6 18. Nbc3 Ne5 19. Bb3 Be8 20. Rfd1 Rxd1+ 21. Rxd1 Rd8 22. Na4 Bc7 23. Nac5 Bc6 24. f4 Nd7 25. Nxd7 Rxd7 26. Nc5 Rxd1+ 27. Qxd1 Bb6 28. Qd4 Qd8 29.
Qxd8+ Bxd8 30. Kf2 Kf8 31. g3 Ke7 32. Bc2 f5 33. Ke2 Kd6 34. e4 b6 35. e5+ Ke7 36. Nxa6 Bb7 37. Bd3 Kd7 38. b5 Be7 39. Nb4 Bc5 40.
Bc4 g5 41. Nc6 g4 42. a4 h5 43. Kf1 Be3 44. Bxe6+ Kxe6 45. Nd8+ Kd5 46. Nxb7 h4 47. Nd8 h3 48. Nc6 Bc5 49. a5 bxa5 50. Nxa5 Ke4 51.
Nc6 Kd5 52. Na5 Bb6 53. Nc6 Be3 54. Nb4+ Ke6 55. Nc6 Bb6 56. Nb4 Bc5 57. Nd3 Bb6 58. Nb2 Kd5 59. Na4 Bd4 60. b6 Kc6 61. e6 Bf6 62.
Ke2 Be7 63. Kd3 Kd5 64. b7 Bd6 65. Nb6+ Kxe6 66. Nc8 Bb8 67. Kd4 Kd7 68. Kd5 Bc7 69. Na7 Bxf4 70. Nc6 Bxg3 71. hxg3 h2 72. b8=Q h1=Q+ 73. Kc5 Qxc6+ 74. Kd4 Qd6+ 75. Qxd6+ Kxd6 76. Ke3 Ke5 77. Ke2 Ke4 78. Kf2 Kd3 79. Kf1 Ke3 80. Kg2 Ke2 81. Kh2 Kf2 0-1

[Event "*** MasterClass Titled Tuesday Blitz"]
[Site "Chess.com"]
[Date "2017.07.04"]
[Round "1"]
[White "PelinGorki"]
[Black "Noukii"]
[Result "1/2-1/2"]
[WhiteElo "2311"]
[BlackElo "2585"]
[TimeControl "180+2"]
[EndTime "13:10:57 PDT"]
[Termination "Game drawn - insufficient material"]

1. e4 Nf6 2. Nc3 d5 3. e5 Ne4 4. Nce2 d4 5. Nf3 Nc6 6. d3 Nc5 7. Bf4 Bg4 8. Bg3 Bxf3 9. gxf3 e6 10. f4 g6 11. Bg2 h5 12. h3 a5 13. Qd2 Be7 14.
O-O Qd7 15. Rfd1 Rd8 16. Bxc6 Qxc6 17. Qxa5 h4 18. Bh2 Qf3 19. Qe1 Qxh3 20. Qf1 Qg4+ 21. Kh1 h3 22. f3 Qh4 23. Bg3 Qh5 24. Kh2 Na4 25. Rab1 c5 26. c3 Nb6 27. Qf2 Nd5 28.
cxd4 cxd4 29. Qxd4 Qxf3 30. Qf2 Qxf2+ 31. Bxf2 Nb4 32. d4 Nxa2 33. Ra1 Nb4 34. Nc3 Kf8 35.
Ra7 Rd7 36. Ra8+ Kg7 37. Rxh8 Kxh8 38. Kxh3 Bd8 39. Kg4 Kg7 40. Nb5 Be7 41. Be1 Nd5 42. Rd3 Rd8 43. Rh3 Rc8 44. Nc3 Rc4 45. Nxd5 exd5 46.
Bc3 b5 47. b3 Rc6 48. f5 gxf5+ 49. Kxf5 b4 50. Bd2 Rc2 51. Bh6+ Kg8 52. Bf4 Rg2 53.
Rg3+ Rxg3 54. Bxg3 Kf8 55. e6 Kg7 56. exf7 Kxf7 57.
Ke5 Bg5 58. Kxd5 Bd2 59. Kc4 Ke7 60. Kd3 Bc3 61. Bf4 Ke6 62. Bd2 Bb2 63. Bxb4 Kd5 64. Bc3 Bc1 65. Kc2 Be3 66. Kd3 Bf4 67. b4 Bd6 68. b5 Bc7 69. Kc2 Kc4 70. Kd2 Bb6 71. Kc2 Kxb5 72. Kd3 Bxd4 1/2-1/2

[Event "*** MasterClass Titled Tuesday Blitz"]
[Site "Chess.com"]
[Date "2017.07.04"]
[Round "1"]
[White "JeffReinberg"]
[Black "merillium"]
[Result "1-0"]
[WhiteElo "2162"]
[BlackElo "2346"]
[TimeControl "180+2"]
[EndTime "13:11:01 PDT"]
[Termination "JeffReinberg won by checkmate"]

1. e4 c6 2. Nc3 d5 3. d3 e5 4. g3 Nf6 5. Bg2 dxe4 6. Nxe4 Nxe4 7. dxe4 Qxd1+ 8. Kxd1 Na6 9. Be3 Be6 10. c3 Nc5 11. f3 O-O-O+ 12. Kc2 Bc4 13. Bf1 Be6 14. Bh3 Bxh3 15.
Nxh3 f6 16. Nf2 Kc7 17. Rhd1 Be7 18. b3 b6 19. Nd3 Ne6 20. f4 exf4 21. gxf4 Bd6 22.
Rg1 g6 23. h4 Rhe8 24. Rae1 Ng7 25. e5 fxe5 26. fxe5 Be7 27. Bg5 Nf5 28. Nf4 Bxg5 29. hxg5 Re7 30. e6 Rde8 31. Re2 Ng7 32. Rh1 Nf5 33.
Rd1 Rd8 34. Rde1 a5 35. a3 Ng3 36. Rd2 Rxd2+ 37. Kxd2 Nf5 38. Rh1 Kd6 39. b4 axb4 40.
cxb4 Nd4 41. a4 Nxe6 42. Nxe6 Rxe6 43. Rxh7 Re5 44. Rb7 Rxg5 45. Rxb6 Kc7 46. Ra6 Kb7 47.
b5 cxb5 48. axb5 Rg2+ 49. Kc3 g5 50. Rg6 g4 51. Kb4 g3 52. Kc5 Rc2+ 53. Kb4 g2 54. Ka5 Ra2+ 55. Kb4 Kc7 56. Kc5 Rc2+ 57. Kd4 Kd7 58. b6 Rb2 59. Kc5 Ke7 60. Kc6 Kf7 61.
Rg3 Ke7 62. b7 Rc2+ 63. Kb6 Rb2+ 64. Kc7 Rc2+ 65. Kb8 Kd7 66. Rd3+ Ke8 67. Rd1 Ke7 68. Ra1 Rf2 69. Ka8 Rf1 70. Ra7 g1=Q 71. b8=Q+ Ke6 72.
Qe8+ Kf5 73. Rf7+ Kg5 74. Qg8+ Kh6 75. Rh7# 1-0

[Event "*** MasterClass Titled Tuesday Blitz"]
[Site "Chess.com"]
[Date "2017.07.04"]
[Round "1"]
[White "aNaartjieZA"]
[Black "tigra"]
[Result "0-1"]
[WhiteElo "2314"]
[BlackElo "2646"]
[TimeControl "180+2"]
[EndTime "13:12:27 PDT"]
[Termination "tigra won by resignation"]

1. d4 Nf6 2. c4 e6 3. Nf3 d5 4. g3 dxc4 5. Bg2 Bd7 6. Ne5 Bc6 7. Nxc6 Nxc6 8. Bxc6+ bxc6 9. O-O c5 10. Qa4+ Qd7 11. Qxd7+ Kxd7 12. dxc5 Bxc5 13. Nd2 c3 14. bxc3 Rhb8 15.
Nb3 Bd6 16. Rd1 Ke8 17. c4 a5 18. c5 Be5 19. Rb1 a4 20. Nd2 Rxb1 21. Nxb1 Rb8 22.
Na3 Nd5 23. Nc4 Nc3 24. Rd2 Rb1 25. Nxe5 Rxc1+ 26. Kg2 Ne4 27. Rd4 Nxc5 28. Nc6 f6 29.
Rd8+ Kf7 30. Rc8 Na6 31. Nd4 e5 32. Nf5 g6 33. Ne3 Rc6 34. Rh8 h5 35. Ra8 f5 36. Kf3 Nc5 37. Nc4 Ke6 38. Re8+ Kd5 39. Nxe5 Rb6 40. Kg2 a3 41. Nf3 Rb2 42. Rd8+ Kc6 43.
Ne5+ Kb7 44. Rd5 Ne4 45. Rd3 Rxa2 46. Rb3+ Kc8 47. Nxg6 Rxe2 48. Rxa3 Rxf2+ 49. Kg1 Kd7 50. Rd3+ Ke6 51. Nf4+ Ke5 52. Nxh5 Rc2 53. Nf4 Ng5 54. Re3+ Kf6 55. Nd5+ Kg6 56. Ne7+ Kf6 57. Nd5+ Kg7 58. Re7+ Kg6 59. Rxc7 Nf3+ 60. Kf1 Nxh2+ 61. Kg1 Nf3+ 62.
Kf1 Ra2 63. Nf4+ Kg5 64. Rg7+ Kf6 65. Rg6+ Ke5 66. Re6+ Kd4 67. Ne2+ Kc4 68. Nf4 Nh2+ 69. Ke1 Nf3+ 70. Kf1 Ra1+ 71. Kf2 Ng5 72. Re5 Ra2+ 73.
Kf1 Ne4 74. Ne2 Ra1+ 75. Kg2 Ra2 76. Kf1 Nd6 77. Kf2 Ra3 78. g4 fxg4 79. Ng3 Kd4 80. Rg5 Ra2+ 81. Kf1 Ke3 82. Rxg4 Kf3 83. Ra4 Rxa4 84.
Ne2 Ra1+ 0-1

[Event "*** MasterClass Titled Tuesday Blitz"]
[Site "Chess.com"]
[Date "2017.07.04"]
[Round "1"]
[White "Alexander_Donchenko"]
[Black "AllStarShark"]
[Result "1-0"]
[WhiteElo "2576"]
[BlackElo "2298"]
[TimeControl "180+2"]
[EndTime "13:13:56 PDT"]
[Termination "Alexander_Donchenko won by checkmate"]

1. d4 d5 2. c4 dxc4 3. e3 e5 4. Bxc4 exd4 5. exd4 Bd6 6. Nf3 Nf6 7. Qe2+ Qe7 8.
Qxe7+ Bxe7 9. Nc3 c6 10. O-O O-O 11. Re1 Bd6 12. Bg5 Nbd7 13. Ne5 h6 14. Bh4 Nb6 15. Bb3 Nbd5 16. Bg3 Bxe5 17. dxe5 Nxc3 18. exf6 Nd5 19.
fxg7 Kxg7 20. Be5+ f6 21. Bd4 Bd7 22. Rac1 Rac8 23.
Bxa7 Rfe8 24. Bd4 Rxe1+ 25. Rxe1 Re8 26. Kf1 b6 27. Rxe8 Bxe8 28. g3 Kg6 29. Ke2 Kf5 30.
a3 b5 31. Bc2+ Ke6 32. Kf3 h5 33. h4 f5 34. Bc5 Ke5 35. Ke2 f4 36. Ba7 fxg3 37.
fxg3 Bd7 38. Bg6 Bg4+ 39. Kd2 Ne7 40. Be8 Nf5 41. Kc3 Kd5 42. Bb8 Ne3 43. b3 Nd1+ 44. Kd2 Nf2 45. Bf7+ Ke4 46. Bg6+ Kd5 47. Bf7+ Ke4 48. a4 bxa4 49. bxa4 Kd4 50. a5 Ne4+ 51. Kc2 Be2 52. Be6 c5 53. Bc8 Ke3 54. a6 Bxa6 55.
Bxa6 Kf2 56. Kd3 Nxg3 57. Bc8 Kf3 58. Kc4 Ne4 59. Be5 Nd2+ 60. Kxc5 Ke4 61. Bf6 Nf3 62. Kd6 Kf4 63. Ke6 Kg3 64. Kf5 Nxh4+ 65. Kg5 Nf3+ 66. Kxh5 Kf4 67. Kg6 Ne5+ 68. Kg7 Ng4 69. Bd8 Ne5 70. Kf6 Ng4+ 71. Ke6 Ke4 72. Bc7 Ne3 73. Bb7+ Kd3 74. Bb6 Nc4 75. Bg1 Ne3 76. Ke5 Ke2 77. Ke4 Nc2 78. Ba6+ Kd2 79. Bc5 Kc3 80. Bb5 Nb4 81.
Bd4+ Kb3 82. Bf6 Nc2 83. Kd3 Nb4+ 84. Kd4 Nc2+ 85. Kc5 Ne3 86. Bd3 Nc2 87. Bc4+ Ka4 88. Bc3 Na3 89. Ba2 Nb5 90. Be5 Nc3 91. Bxc3 Ka3 92.
Bc4 Ka4 93. Bb5+ Ka3 94. Bb4+ Kb3 95. Ba5 Ka2 96. Kb4 Kb2 97. Ba4 Kc1 98. Kc3 Kb1 99. Bc2+ Kc1 100. Bb3 Kb1 101. Bb6 Kc1 102. Be3+ Kb1 103. Kb4 Kb2 104. Bd2 Kb1 105. Ka3 Ka1 106. Bc4 Kb1 107. Bd3+ Ka1 108. Bc3# 1-0

[Event "*** MasterClass Titled Tuesday Blitz"]
[Site "Chess.com"]
[Date "2017.07.04"]
[Round "1"]
[White "Goala"]
[Black "jcibarra"]
[Result "1/2-1/2"]
[WhiteElo "2330"]
[BlackElo "2657"]
[TimeControl "180+2"]
[EndTime "13:14:20 PDT"]
[Termination "Game drawn by 50-move rule"]

1. d4 d6 2. c4 e5 3. Nf3 e4 4.
Nfd2 f5 5. g3 Nf6 6. Bg2 c6 7.
d5 Na6 8. O-O Be7 9. dxc6 bxc6 10. f3 d5 11. cxd5 cxd5 12. Nb3 O-O 13. Bf4 Nc5 14. Nc3 Nxb3 15. Qxb3 Kh8 16. Rfd1 Be6 17. fxe4 fxe4 18. Nxe4 Nxe4 19. Bxe4 Bc5+ 20. Kh1 Qe8 21. Bxd5 Bxd5+ 22. Qxd5 Be3 23. Qf3 Bb6 24. e4 Rc8 25. Rac1 Rxc1 26. Rxc1 Qe6 27. a3 g5 28. Qc3+ Kg8 29. Qe5 Qxe5 30. Bxe5 Re8 31. Bc7 Rxe4 32. Bxb6 axb6 33. Rc8+ Kf7 34. Rc7+ Kg6 35. Rc6+ Kf5 36. Rxb6 Re2 37. Rb4 h5 38. h3 Rc2 39. g4+ hxg4 40. hxg4+ Ke5 41. Kg1 Kd5 42. Kf1 Kc5 43. Ke1 Rg2 44.
Kd1 Rf2 45. Kc1 Kc6 46. Kd1 Kc5 47. Ke1 Rg2 48. Kf1 Rc2 49. Rb8 Kd4 50. a4 Ke3 51.
Rb3+ Kf4 52. a5 Kxg4 53. a6 Rc8 54. a7 Ra8 55. Ra3 Kf5 56. Ra6 Ke4 57. Kg2 Kd5 58. Kg3 Kc5 59. Kg4 Kb5 60. Ra3 Kb6 61. Kxg5 Rxa7 62. Rb3+ Kc5 63. Kf4 Re7 64. Rb8 Kc4 65. Rc8+ Kb5 66. Rb8+ Kc4 67. Rc8+ Kb5 68. Rb8+ Kc6 69. Rc8+ Kb7 70. Rc2 Kb6 71. Kf5 Kb5 72. Kf6 Re1 73. Rd2 Kc4 74. Kf5 Kb3 75. Rf2 Re8 76. Kf4 Re7 77. Kg3 Re8 78. Rf3+ Kxb2 79. Rf2+ Kc3 80. Rf3+ Kd2 81. Rf7 Ke3 82. Rf3+ Ke4 83.
Rf4+ Ke5 84. Rf2 Rg8+ 85. Kf3 Ra8 86. Re2+ Kf5 87. Re3 Rh8 88. Re2 Rh3+ 89. Kg2 Ra3 90. Rb2 Ra4 91. Rb5+ Kg4 92. Rb2 Rc4 93. Rd2 Re4 94.
Rb2 Kh4 95. Rc2 Rf4 96. Rb2 Kg4 97. Rc2 Rb4 98. Rd2 Rb3 99. Rc2 Rg3+ 100. Kf2 Kh3 101. Ke1 Rd3 102. Ke2 Rd5 103. Rc8 Kg3 104. Ke3 Re5+ 105. Kd4 Re1 106. Rg8+ Kf4 107. Rf8+ Kg5 108. Rg8+ Kf6 109. Rg2 Rd1+ 110. Ke3 Rd5 111. Rf2+ Ke5 112. Ra2 Rb5 113. Ra3 Rc5 114. Rb3 Ra5 115. Rc3 Kd5 116. Rd3+ Kc4 117.
Rd4+ Kc5 118. Rd8 Ra6 119. Re8 Ra1 120. Kd2 Kd4 121.
Rd8+ Kc5 122. Rh8 Ra6 123. Kc3 Rd6 124. Rh5+ Kc6 125.
Rh7 Rd7 126. Rh6+ Kc5 127. Rh5+ Kc6 128. Kc4 Rd6 129. Rc5+ Kb6 130. Rh5 Rg6 131. Rf5 Rg4+ 132. Kd3 Rb4 133. Rf6+ Ka5 134. Kc3 Rb6 135. Rf5+ Ka4 136. Rf8 Rc6+ 137. Kd4 Kb5 138. Rb8+ 1/2-1/2

[Event "*** MasterClass Titled Tuesday Blitz"]
[Site "Chess.com"]
[Date "2017.07.04"]
[Round "2"]
[White "dretch"]
[Black "SovietCitizen"]
[Result "1-0"]
[WhiteElo "2521"]
[BlackElo "2252"]
[TimeControl "180+2"]
[EndTime "13:17:03 PDT"]
[Termination "dretch won by resignation"]

1. d4 Na6 2. e4 b6 3. Nf3 Bb7 4. c3 e6 5. Bd3 c5 6. O-O cxd4 7. cxd4 d5 8. Bxa6 Bxa6 9. Qa4+ Qd7 10. Qxa6 Bd6 11.
Nc3 dxe4 12. Nxe4 Ne7 13. Qb5 Bc7 14. Qxd7+ Kxd7 15. Ne5+ Ke8 16. Ng5 h6 17. Ngxf7 1-0

[Event "*** MasterClass Titled Tuesday Blitz"]
[Site "Chess.com"]
[Date "2017.07.04"]
[Round "2"]
[White "silverback96"]
[Black "fidetrainerNET"]
[Result "1-0"]
[WhiteElo "2114"]
[BlackElo "2108"]
[TimeControl "180+2"]
[EndTime "13:17:17 PDT"]
[Termination "silverback96 won by resignation"]

1. d4 Nf6 2. c4 e6 3. g3 Bb4+ 4. Bd2 Qe7 5. Nf3 d5 6. Bg2 dxc4 7. O-O O-O 8. Ne5 Bxd2 9. Nxd2 Rd8 10. e3 c5 11.
Ndxc4 cxd4 12. exd4 Nfd7 13. Qg4 Nxe5 14. dxe5 Nc6 15.
Rfe1 Qc5 16. Rac1 Qd4 17. Qg5 h6 18. Qh5 Kf8 19. Bxc6 bxc6 20. Red1 Qxc4 21. Rxd8+ 1-0

[Event "*** MasterClass Titled Tuesday Blitz"]
[Site "Chess.com"]
[Date "2017.07.04"]
[Round "2"]
[White "PlotnikovPavel"]
[Black "Elshan1985"]
[Result "1-0"]
[WhiteElo "2464"]
[BlackElo "2643"]
[TimeControl "180+2"]
[EndTime "13:17:19 PDT"]
[Termination "PlotnikovPavel won by resignation"]

1. d4 Nf6 2. c4 e6 3. Nc3 Bb4 4.
e3 O-O 5. Ne2 Re8 6. a3 Bf8 7. g3 Nc6 8. Bg2 e5 9. O-O exd4 10. exd4 d6 11. b4 Bg4 12. h3 Bf5 13. g4 Bg6 14. f4 Be4 15. Nxe4 Nxe4 16. d5 Nb8 17. Qd4 Nf6 18. Ng3 a5 19. Bb2 axb4 20.
axb4 Rxa1 21. Bxa1 Na6 22. Nf5 Nxb4 23. g5 Nh5 24. Nh6+ 1-0

[Event "*** MasterClass Titled Tuesday Blitz"]
[Site "Chess.com"]
[Date "2017.07.04"]
[Round "2"]
[White "aquiles88"]
[Black "Kawhi_Leonard2"]
[Result "1/2-1/2"]
[WhiteElo "2038"]
[BlackElo "2134"]
[TimeControl "180+2"]
[EndTime "13:18:28 PDT"]
[Termination "Game drawn by agreement"]

1. g3 Nf6 2. Bg2 e6 3. Nf3 d5 4. O-O Be7 5. d3 O-O 6. Nbd2 c5 7. e4 Nc6 8. Re1 b5 9. e5 Nd7 10. Nf1 Qc7 11. Bf4 a5 12. a4 b4 13. h4 Re8 14. h5 Ba6 15. N1h2 Qb6 16. Ng4 c4 17. d4 c3 18. b3 Rac8 19. h6 g6 20. Bf1 Bxf1 21. Kxf1 Qa6+ 22. Kg2 Qb6 23. Qd3 Rb8 24. Rad1 Rec8 25. Qe3 Qa7 26. Bg5 Bf8 27. Nf6+ Nxf6 28. Bxf6 Ne7 29. g4 Nc6 1/2-1/2

[Event "*** MasterClass Titled Tuesday Blitz"]
[Site "Chess.com"]
[Date "2017.07.04"]
[Round "2"]
[White "Rating-Schmating"]
[Black "Fy_Rakotomaharo"]
[Result "0-1"]
[WhiteElo "2242"]
[BlackElo "2351"]
[TimeControl "180+2"]
[EndTime "13:19:15 PDT"]
[Termination "Fy_Rakotomaharo won by checkmate"]

1. e4 c5 2. Nf3 Nc6 3. d4 cxd4 4.
Nxd4 e5 5. Nb5 d6 6. N1c3 a6 7. Na3 Be7 8. Nd5 Nf6 9. Nxf6+ Bxf6 10. c4 O-O 11. Nc2 Bg5 12. Bxg5 Qxg5 13. Qd2 Qg6 14. f3 f5 15. O-O-O Be6 16. Bd3 f4 17. Kb1 b5 18.
Qe2 Na5 19. cxb5 axb5 20. Nb4 Nc4 21. Bxc4 Bxc4 22. Qd2 d5 23. b3 dxe4 24. bxc4 exf3+ 25. Qc2 fxg2 26. Qxg6 hxg6 27. Rhe1 f3 28. Nd3 f2 29.
Nxf2 Rxf2 30. cxb5 Raxa2 31. b6 Rab2+ 32. Ka1 Rxb6 33.
h4 Rf4 34. Rg1 Ra4# 0-1

[Event "*** MasterClass Titled Tuesday Blitz"]
[Site "Chess.com"]
[Date "2017.07.04"]
[Round "2"]
[White "ruvat"]
[Black "SipkeErnst"]
[Result "0-1"]
[WhiteElo "2264"]
[BlackElo "2395"]
[TimeControl "180+2"]
[EndTime "13:19:17 PDT"]
[Termination "SipkeErnst won by resignation"]

1. d4 Nf6 2. c4 e6 3. g3 c5 4. d5 exd5 5. cxd5 d6 6. Nc3 g6 7. Bg2 Bg7 8. Nf3 O-O 9. O-O Re8 10.
Bf4 Bf5 11. Nd2 Nh5 12. Be3 Nd7 13. a4 Rxe3 14. fxe3 Ne5 15. Nde4 Qe7 16. a5 Bh6 17. Rf4 Bxe4 18. Nxe4 f5 19. Nc3 Ng4 20. Rxg4 Bxe3+ 21. Kh1 fxg4 22. Qd3 Nxg3+ 23. hxg3 Qe5 0-1

[Event "*** MasterClass Titled Tuesday Blitz"]
[Site "Chess.com"]
[Date "2017.07.04"]
[Round "2"]
[White "Indianlad"]
[Black "Jospem"]
[Result "0-1"]
[WhiteElo "2509"]
[BlackElo "2605"]
[TimeControl "180+2"]
[EndTime "13:19:36 PDT"]
[Termination "Jospem won by resignation"]

1. e4 c5 2. Nf3 d6 3. d4 cxd4 4. Nxd4 Nf6 5. Nc3 a6 6. Bc4 e6 7. Bb3 Nbd7 8. f4 Nc5 9. Qf3 Qc7 10. O-O Be7 11. f5 O-O 12. g4 Nfd7 13. g5 Ne5 14.
Qg3 Re8 15. Bf4 Bf8 16. Nf3 Nxb3 17. axb3 exf5 18. Nd5 Qxc2 19. Nxe5 dxe5 20. Rf2 exf4 21. Rxc2 fxg3 22. Nc7 gxh2+ 23. Kg2 Bd7 24. Nxa8 Rxa8 25. Rd1 Bc6 26. Rxc6 bxc6 27. exf5 Rb8 0-1

[Event "*** MasterClass Titled Tuesday Blitz"]
[Site "Chess.com"]
[Date "2017.07.04"]
[Round "2"]
[White "Aragon"]
[Black "Andrjywa"]
[Result "1-0"]
[WhiteElo "2327"]
[BlackElo "2288"]
[TimeControl "180+2"]
[EndTime "13:19:52 PDT"]
[Termination "Aragon won by resignation"]

1. e4 c5 2. Nf3 e6 3. d4 cxd4 4. Nxd4 Nc6 5. Nc3 Qc7 6. g3 a6 7. Bg2 Nf6 8. O-O Be7 9. Nb3 d6 10. f4 O-O 11. g4 b5 12. g5 Nd7 13. a3 Bb7 14. Qh5 g6 15. Qh6 Rfe8 16. Rf3 Bf8 17.
Qh4 Bg7 18. Rh3 Nf8 19. Be3 b4 20. axb4 Nxb4 21. Qf2 Bxc3 22. bxc3 Qxc3 23. Bd2 Qc4 24. Ra4 a5 25. Nxa5 Rxa5 26. Rxb4 Ra1+ 27. Bf1 Qxe4 28. Rxe4 Bxe4 29. Qd4 Rd1 30. Qxe4 Rxd2 31. Rd3 1-0

[Event "*** MasterClass Titled Tuesday Blitz"]
[Site "Chess.com"]
[Date "2017.07.04"]
[Round "2"]
[White "ohusbands"]
[Black "stefanodinn"]
[Result "1-0"]
[WhiteElo "2359"]
[BlackElo "2246"]
[TimeControl "180+2"]
[EndTime "13:20:08 PDT"]
[Termination "ohusbands won on time"]

1. e4 e5 2. Nf3 Nc6 3. d4 exd4 4. Nxd4 Nf6 5. Nxc6 bxc6 6. e5 Qe7 7. Qe2 Nd5 8. c4 Ba6 9. b3 g6 10. f4 Bg7 11.
Qf2 Nb6 12. Ba3 Qe6 13. Nc3 f6 14. Bd3 fxe5 15. f5 Qf7 16. O-O O-O-O 17. f6 Bf8 18. Bxf8 Rhxf8 19. Ne4 d6 20. Ng5 Qd7 21. f7 Qe7 22.
Nxh7 e4 23. Nxf8 Rxf8 24. Bxe4 Qxe4 25. Rae1 1-0

[Event "*** MasterClass Titled Tuesday Blitz"]
[Site "Chess.com"]
[Date "2017.07.04"]
[Round "2"]
[White "DanielNaroditsky"]
[Black "Cryptochess"]
[Result "1-0"]
[WhiteElo "2731"]
[BlackElo "2487"]
[TimeControl "180+2"]
[EndTime "13:20:13 PDT"]
[Termination "DanielNaroditsky won by resignation"]

1. d4 Nf6 2. Nc3 d5 3. Bf4 e6 4. Nb5 Na6 5. e3 c6 6. Nc3 Nc7 7. Bd3 Bd6 8. Nf3 O-O 9. O-O b6 10.
Ne5 Bb7 11. Qf3 c5 12. Bg5 Be7 13. Rad1 Nce8 14. Qh3 h6 15. Bf4 Nd6 16. Bxh6 gxh6 17. Qxh6 Nfe4 18. dxc5 Nf5 19. Qh3 Nxc3 20. bxc3 bxc5 21.
e4 Qc7 22. exf5 Bf6 23. Ng4 1-0

[Event "*** MasterClass Titled Tuesday Blitz"]
[Site "Chess.com"]
[Date "2017.07.04"]
[Round "2"]
[White "JeffReinberg"]
[Black "evgenysharapov"]
[Result "1-0"]
[WhiteElo "2333"]
[BlackElo "2227"]
[TimeControl "180+2"]
[EndTime "13:20:26 PDT"]
[Termination "JeffReinberg won by resignation"]

1. e4 c5 2. Nc3 Nc6 3. f4 g6 4.
Nf3 Bg7 5. Bc4 e6 6. f5 Nge7 7. fxe6 dxe6 8. d3 O-O 9. O-O Nd4 10. Bb3 Nec6 11. Nxd4 Nxd4 12. Ne2 Nxe2+ 13. Qxe2 Bd7 14. a4 Qe7 15. Qf2 Bc6 16. Be3 b6 17. c3 Rad8 18. Bc2 f5 19. Qg3 fxe4 20. Bg5 Bf6 21. Rxf6 Rxf6 22. dxe4 Qf8 23. Qh4 1-0

[Event "*** MasterClass Titled Tuesday Blitz"]
[Site "Chess.com"]
[Date "2017.07.04"]
[Round "2"]
[White "ulises2013"]
[Black "matej2221"]
[Result "1-0"]
[WhiteElo "2309"]
[BlackElo "2316"]
[TimeControl "180+2"]
[EndTime "13:20:26 PDT"]
[Termination "ulises2013 won by resignation"]

1. e4 c5 2. Nf3 d6 3. d4 cxd4 4. Nxd4 Nf6 5. Nc3 a6 6. Bg5 Nbd7 7. f4 e6 8. Qf3 Be7 9. O-O-O Qc7 10. Bd3 b5 11. Rhe1 Bb7 12. Qg3 b4 13. Nd5 exd5 14. e5 dxe5 15. fxe5 Ne4 16. Bxe4 Bxg5+ 17. Qxg5 dxe4 18.
e6 fxe6 19. Nxe6 Nf6 1-0

[Event "*** MasterClass Titled Tuesday Blitz"]
[Site "Chess.com"]
[Date "2017.07.04"]
[Round "2"]
[White "IMJonathanCarlstedt"]
[Black "Hrant_ChessMood"]
[Result "0-1"]
[WhiteElo "2458"]
[BlackElo "2761"]
[TimeControl "180+2"]
[EndTime "13:20:29 PDT"]
[Termination "Hrant_ChessMood won by resignation"]

1. d4 Nf6 2. Bf4 g6 3. Nc3 Bg7 4. e4 d6 5. Qd2 Nc6 6. O-O-O O-O 7. Bh6 e5 8. Bxg7 Kxg7 9. d5 Ne7 10. h4 h6 11. g3 Bd7 12. Bh3 Rh8 13. f4 Bxh3 14. Rxh3 Ng4 15. Qe2 h5 16. Nf3 f6 17. fxe5 dxe5 18.
Rhh1 Nc8 19. Rhf1 Nd6 20. Nh2 Nxh2 21. Qxh2 Qd7 22. Rf3 Raf8 23. Rdf1 b5 24. Qe2 b4 25.
Nd1 Qb5 26. Qxb5 Nxb5 27. Kd2 Nd6 28. Kd3 f5 29. Nf2 c6 30. dxc6 Rc8 31. Re3 Rhd8 32. Ke2 Rxc6 33. exf5 Nxf5 34. Rxe5 Nxg3+ 0-1